 Dungeon Crawl Stone Soup version 0.28-a0-1518-gbe868bca14 (webtiles) character file.

Game seed: 18168852301885992105

84 hashsling the Magician (level 4, -3/24 HPs)
             Began as a Deep Elf Hedge Wizard on Jan 16, 2022.
             Killed by divine providence
             ... invoked by an orc priest
              (16 damage)
             ... on level 3 of the Dungeon.
             The game lasted 00:05:27 (2226 turns).

hashsling the Magician (Deep Elf Hedge Wizard)      Turns: 2226, Time: 00:05:41

Health: -3/24      AC:  4    Str:  7    XL:     4   Next: 24%
Magic:  5/14       EV: 12    Int: 21    God:
Gold:   64         SH:  0    Dex: 14    Spells: 13/16 levels left

rFire   . . .      SeeInvis .   b - +2 whip (flame)
rCold   . . .      Faith    .   (no shield)
rNeg    . . .      Spirit   .   m - +0 robe
rPois   .          Reflect  .   c - +0 hat
rElec   .          Harm     .   j - +0 cloak
rCorr   .          Rampage  .   (no gloves)
Will    .....                   i - +0 pair of boots
Stlth   ++........              (no amulet)
HPRegen 0.08/turn               (no ring)
MPRegen 0.14/turn               (no ring)

@: no status effects
A: no striking features
a: no special abilities


You were on level 3 of the Dungeon.
You visited 1 branch of the dungeon, and saw 3 of its levels.

You collected 64 gold pieces.

Inventory:

Hand Weapons
 b - a +2 whip of flaming (weapon)
Armour
 c - a +0 hat (worn)
 i - a +0 pair of boots (worn)
 j - a +0 cloak (worn)
 m - a +0 robe (worn)
Potions
 d - a potion of lignification {unknown}
 f - a potion of mutation {unknown}
 g - a potion of ambrosia {unknown}
 k - a potion of brilliance {unknown}
 l - a potion of invisibility {unknown}


   Skills:
 - Level 2.4 Dodging
 - Level 2.4 Stealth
 * Level 6.7 Spellcasting
 - Level 2.0 Conjurations
 - Level 1.1 Summonings
 - Level 1.1 Translocations


You had 13 spell levels left.
You knew the following spells:

 Your Spells              Type           Power      Damage    Failure   Level
a - Magic Dart            Conj           60%        1d6       4%          1
b - Blink                 Tloc           22%        N/A       9%          2

Your spell library contained the following spells:

 Spells                   Type           Power      Damage    Failure   Level
 Shock                    Conj/Air       44%        1d5       6%          1
 Slow                     Hex            28%        N/A       9%          1
 Call Imp                 Summ           11%        N/A       9%          2
 Conjure Flame            Conj/Fire      11%        6-21      19%         3
 Mephitic Cloud           Conj/Pois/Air  9%         N/A       21%         3
 Swiftness                Air            7%         N/A       26%         3
 Passage of Golubria      Tloc           11%        N/A       50%         4
 Airstrike                Air            3%         N/A       65%         4
 Silence                  Hex/Air        3%         N/A       94%         5
 Lehudib's Crystal Spear  Conj/Erth      5%         10d3      100%        8


Dungeon Overview and Level Annotations

Branches:
Dungeon (3/15)

Altars:


Message History

The orc is heavily wounded.
The magic dart hits the orc.
You kill the orc!
You see here a +2 whip of flaming.
b - a +2 whip of flaming
Okay, then.
The magic dart hits the orc priest.
The orc priest is moderately wounded.
The orc priest shouts!
You hear a shout! x2
The magic dart hits the orc priest.
The orc priest is severely wounded.
An orc comes into view. It is wielding a +0 hand axe.
The magic dart hits the orc priest.
The orc priest is severely wounded.
The orc priest invokes the aid of Beogh against you.
Beogh smites you!
The magic dart hits the orc priest.
The orc priest is almost dead.
The orc priest closely misses you.
The magic dart hits the orc priest.
You kill the orc priest!
You have reached level 4!
You feel clever.
You are too injured to fight recklessly!
Aiming: Magic Dart (safe; 4% risk of failure)
Press: ? - help, Q - select action, (/) - cycle Shift-Dir - straight line, f - orc
Aim: an orc, wielding a +0 hand axe (100% to hit)
The magic dart hits the orc.
You kill the orc!
Your +2 whip of flaming bursts into flame!
b - a +2 whip of flaming (weapon)
You drop a +0 dagger.
An orc priest comes into view. It is wielding a +0 mace.
The magic dart hits the orc priest.
The orc priest is moderately wounded.
The orc priest shouts!
The orc priest invokes the aid of Beogh against you.
Beogh smites you!
Ouch! That really hurt!
You die...

#.# #.# ###
###.####.##
........#.##########
###..#.............#
##.#..#.#########.#
##.###....##
#.####### ..##
##..#.#######.......#
.##
##........@).)...#.#
#.##
##..#.###########o#
##.###....## #.#
##.#..#.## #.#
##.#.#.# #o# #.#.#.#
.#. #.#.#.# o #
..#.#.# . ....#.#


You could see an orc priest.

Vanquished Creatures
  An orc priest (D:3)
  A worm (D:2)
  2 dart slugs (D:1)
  2 orcs (D:3)
  5 ball pythons
  4 bats
  4 endoplasms (D:1)
  4 giant cockroaches
  2 goblins
  3 hobgoblins (D:1)
  3 jackals (D:1)
  2 quokkas (D:2)
  A frilled lizard (D:2)
  3 kobolds
  7 rats
44 creatures vanquished.

Vanquished Creatures (others)
  A withered plant (D:1)
1 creature vanquished.

Grand Total: 45 creatures vanquished

Notes
Turn   | Place    | Note
-------+----------+-------------------------------------------
     0 | D:1      | hashsling the Deep Elf Hedge Wizard began the quest for the
                  | Orb.
     0 | D:1      | Reached XP level 1. HP: 10/10 MP: 7/7
   333 | D:1      | Reached XP level 2. HP: 15/15 MP: 1/9
   531 | D:1      | Reached skill level 5 in Spellcasting
   631 | D:1      | Learned a level 2 spell: Blink
  1094 | D:1      | Found a faded altar of an unknown god.
  1105 | D:1      | Reached XP level 3. HP: 19/19 MP: 7/12
  1722 | D:2      | Reached skill level 6 in Spellcasting
  2223 | D:3      | Reached XP level 4. HP: 12/24 MP: 6/14
  2226 | D:3      | Killed from afar by an orc priest

Illustrated notes

Levels and vault maps discovered:
D:1:      dpeg_arrival_round_c, layout_basic, ebering_ecumenical_altar_petrified
D:2:      layout_rooms
D:3:      wad_pebble_path, layout_loops_ring

Skill      XL: |  1  2  3 |
---------------+----------+-----
Conjurations   | 2 |  2.0
Spellcasting   | 5 6 |  6.7
Dodging        | |  2.4
Stealth        | |  2.4
Summonings     | |  1.1
Translocations | |  1.1

Action                   |  1- 3 |  4- 6 || total
-------------------------+-------+-------++-------
Melee: Dagger            |    20 |       ||    20
       Punch             |     1 |       ||     1
 Cast: Magic Dart        |   112 |     2 ||   114
  Use: Scroll            |     2 |       ||     2
Armor: Robe              |     9 |       ||     9
Dodge: Dodged            |    33 |       ||    33

Table legend: (Time is in decaauts)
 A = Elapsed time spent in this place.
 B = Non-inter-level travel time spent in this place.
 C = Inter-level travel time spent in this place.
 D = Time resting spent in this place.
 E = Time spent auto-exploring this place.
 F = Levels seen in this place.
 G = Mean time per level.
                   A        B        C        D        E       F      G
               +--------+--------+--------+--------+--------+-----+--------+
         Total |   2225 |   2178 |     47 |     27 |   1837 |   3 |  741.7 |
       Dungeon |   2225 |   2178 |     47 |     27 |   1837 |   3 |  741.7 |
               +--------+--------+--------+--------+--------+-----+--------+

Top non-repeatable levels by time:
     D:1: 1393 daAuts
     D:2: 692 daAuts
     D:3: 139 daAuts
